 Dungeon Crawl Stone Soup version 0.21.1-1-g345015fe64 (webtiles) character file.

54 DarkMoon the Ruffian (level 3, 0/46 HPs)
             Began as a Draconian Transmuter on Apr 21, 2018.
             Succumbed to an adder's poison
             ... on level 2 of the Dungeon.
             The game lasted 00:03:19 (1191 turns).

DarkMoon the Ruffian (Draconian Transmuter)         Turns: 1191, Time: 00:03:19

Health: 0/46       AC: 21    Str: 12    XL:     3   Next: 66%
Magic:  6/6        EV:  2    Int: 14    God:
Gold:   38         SH:  0    Dex: 11    Spells: 0/6 levels left

rFire    . . .     SeeInvis .     - Unarmed
rCold    . . .     Gourm    .   (no shield)
rNeg     + + +     Faith    .   (armour unavailable)
rPois    +         Spirit   .   (helmet currently unavailable)
rElec    .         Reflect  .   (cloak currently unavailable)
rCorr    .         Harm     .   (gloves currently unavailable)
MR       .....     NoTele   +   (boots currently unavailable)
Stlth    +.........             (no amulet)
HPRegen  0.15/turn              (no ring)
MPRegen  0.10/turn              (no ring)

@: lethally poisoned (0 -> -10), tree-form
A: unfitting armour, AC +5
a: no special abilities


You were on level 2 of the Dungeon.
You were not hungry.
You were a tree.
You visited 1 branch of the dungeon, and saw 2 of its levels.

You collected 38 gold pieces.

Inventory:

Missiles
 a - 52 arrows
Wands
 k - a wand of random effects (17)
Scrolls
 d - 2 scrolls of teleportation {unknown}
 e - a scroll of enchant armour {unknown}
 f - 2 scrolls of fear {unknown}
Potions
 h - a potion of curing {unknown}
 i - a potion of resistance {unknown}
Books
 b - a book of Changes

   Spells                             Type                      Level
   a - Beastly Appendage              Transmutation                1
   b - Sticks to Snakes               Transmutation                2
   c - Spider Form                    Transmutation/Poison         3
   d - Ice Form                       Ice/Transmutation            4
   e - Blade Hands                    Transmutation                5
Comestibles
 c - 5 rations
 j - 4 chunks of flesh


   Skills:
 * Level 3.0 Fighting
 - Level 2.0 Dodging
 - Level 1.0 Stealth
 - Level 3.0 Unarmed Combat
 - Level 2.0 Spellcasting
 + Level 2.6 Transmutations


You couldn't memorise any spells.
You knew the following spells:

 Your Spells              Type           Power        Failure   Level  Hunger
a - Beastly Appendage     Tmut           #.....       8%          1    ##.....
b - Sticks to Snakes      Tmut           #.......     12%         2    ###....
c - Spider Form           Tmut/Pois      #.........   38%         3    ####...


Dungeon Overview and Level Annotations

Branches:
Dungeon (2/15)

Altars:
Zin


Innate Abilities, Weirdness & Mutations

((Your plain brown scales are hard. (AC +5)))
You cannot fit into any form of body armour.
((You are cold-blooded and may be slowed by cold attacks.))


Message History

Your transformation is almost over.
You feel sick. The adder bites you.
You are lethally poisoned!
The adder poisons you! The adder bites you but does no damage.
You are too injured to fight recklessly!
You hit the adder.
The adder is almost dead.
You feel sick. The adder bites you but does no damage.
The leopard gecko bites you.
* * * LOW HITPOINT WARNING * * *
* * * LOW HITPOINT WARNING * * *
You feel sick. The leopard gecko bites you.
* * * LOW HITPOINT WARNING * * *
* * * LOW HITPOINT WARNING * * *
You feel sick. The adder bites you.
* * * LOW HITPOINT WARNING * * *
It was a potion of lignification.
Your talons disappear.
You turn into a tree.
Your roots penetrate the ground.
You die...

#.#># ## #...# #
######.
###..####.##....†.
#............#####
#.#####.......####
#.# #.#...#.....
#.# # ###..#####
##.# ##.##### #.♣#
##.# #......
#S##....# #....##
#....# #.
#.../.#### ##
#...... #.##.#. #
#. #. #. # ##


You could see an adder.

Vanquished Creatures
  An adder (D:2)
  3 dart slugs (D:1)
  2 leopard geckos (D:1)
  6 giant cockroaches
  A goblin (D:2)
  3 hobgoblins
  3 jackals (D:2)
  4 kobolds
  A quokka (D:2)
  3 bats (D:1)
  2 frilled lizards
  4 rats
33 creatures vanquished.

Notes
Turn   | Place    | Note
-------+----------+-------------------------------------------
     0 | D:1      | DarkMoon the Draconian Transmuter began the quest for the Orb.
     0 | D:1      | Reached XP level 1. HP: 16/16 MP: 3/3
   153 | D:1      | Reached XP level 2. HP: 23/23 MP: 5/5
   165 | D:1      | Learned a level 2 spell: Sticks to Snakes
   677 | D:1      | Reached skill level 1 in Stealth
   738 | D:1      | Reached XP level 3. HP: 26/30 MP: 6/6
   743 | D:1      | Learned a level 3 spell: Spider Form
  1056 | D:2      | Found a glowing silver altar of Zin.
  1190 | D:2      | HP: 1/31 [adder (1)]
  1191 | D:2      | Succumbed to an adder's poison

Skill      XL: |  1  2  3 |
---------------+----------+-----
Dodging        | 2 |  2.0
Fighting       | 2 3 |  3.0
Stealth        | 1 |  1.0
Unarmed Combat | |  3.0
Spellcasting   | |  2.0
Transmutations | |  2.6

Action                   || total
-------------------------++-------
Melee: Unarmed           ||   133
       Kick              ||     7
       Punch             ||     5
       Tailslap          ||    12
       Headbutt          ||     8
 Cast: Beastly Appendage ||    22
  Use: Potion            ||     1
 Stab: Sleeping          ||     2
  Eat: Chunk             ||     2
Armor: Skin              ||    40
Dodge: Dodged            ||    80
